 Dungeon Crawl Stone Soup version 0.28-a0-1182-g381e24db82 (webtiles) character file.

Game seed: 2001727274783324409

20367 fragbeetle the Transmogrifier (level 12, -4/115 HPs)
             Began as a Grey Draconian Transmuter on Dec 17, 2021.
             Was a High Priest of Makhleb.
             Slain by a fire crab (14 damage)
             ... in a Gauntlet.
             The game lasted 01:04:47 (12685 turns).

fragbeetle the Transmogrifier (DrTm)               Turns: 12685, Time: 01:04:48

Health: -4/115     AC:  2    Str: 16    XL:     12   Next: 44%
Magic:  17/22      EV: 24    Int: 20    God:    Makhleb [*****.]
Gold:   479        SH:  0    Dex: 18    Spells: 10/25 levels left

rFire   . . .      SeeInvis .     - Unarmed
rCold   . . .      Faith    .   (shield currently unavailable)
rNeg    . . .      Spirit   .   (armour unavailable)
rPois   x          Reflect  .   (helmet currently unavailable)
rElec   .          Harm     .   (cloak currently unavailable)
rCorr   +          Rampage  .   (gloves currently unavailable)
Will    .....      NoTele   +   (boots currently unavailable)
Stlth   ++........              P - amulet of Vitality {Regen+ HP+15}
HPRegen 1.09/turn               p - +6 ring of intelligence
MPRegen 0.18/turn               F - ring of resist corrosion

@: spider-form
A: venomous fangs, AC +13, (amphibious), tiny, unfitting armour, (cold-blooded)
a: End Transformation, Renounce Religion, Minor Destruction, Lesser Servant of
Makhleb, Major Destruction, Greater Servant of Makhleb


You were in a Gauntlet.
You worshipped Makhleb.
Makhleb was extremely pleased with you.
You were a venomous arachnid creature.
You visited 3 branches of the dungeon, and saw 14 of its levels.
You also visited: Gauntlet.

You collected 765 gold pieces.
You spent 286 gold pieces at shops.

Inventory:

Hand Weapons
 a - a +0 hunting sling (melded)
Missiles
 e - 54 sling bullets
 g - 50 poisoned darts
 D - 5 atropa-tipped darts
Armour
 c - a +2 hat (melded)
 q - a +0 pair of boots (melded)
 G - a +1 pair of gloves (melded)
 R - the +3 hat of Pondering {ponderous, Will+ MP+10 Int+5}
   (You took it off Gastronok on level 8 of the Dungeon)

   Int:       It affects your intelligence (+5).
   MP:        It affects your magic capacity (+10).
   Will:      It increases your willpower.
Jewellery
 p - a +6 ring of intelligence (left front leg)
 F - a ring of resist corrosion (right front leg)
 P - the amulet of Vitality (around neck) {Regen+ HP+15}
   (You took it off a crimson imp on level 10 of the Dungeon)

   [amulet of regeneration]

   HP:        It affects your health (+15).
   Regen:     It increases your rate of health regeneration.
Wands
 n - a wand of mindburst (2)
 u - a wand of charming (13)
 B - a wand of paralysis (5)
 J - a wand of digging (4)
 K - a wand of iceblast (4)
 O - a wand of polymorph (5)
Scrolls
 b - a scroll of identify
 d - 5 scrolls of teleportation
 f - 5 scrolls of enchant armour
 h - 3 scrolls of brand weapon
 l - 2 scrolls of amnesia
 w - a scroll of fog {unknown}
 x - a scroll of enchant weapon {unknown}
 L - a scroll of magic mapping {unknown}
 N - 3 scrolls of fear {unknown}
Potions
 j - 2 potions of cancellation {unknown}
 m - 2 potions of ambrosia {unknown}
 o - a potion of lignification
 r - 2 potions of curing
 z - 4 potions of resistance {unknown}
 A - 3 potions of brilliance {unknown}
 E - 2 potions of attraction {unknown}
 H - 2 potions of mutation {unknown}
 I - 2 potions of might
 Q - a potion of flight
Miscellaneous
 M - a tin of tremorstones (2/2)


   Skills:
 + Level 7.4 Fighting
 + Level 7.1 Dodging
 + Level 9.2 Unarmed Combat
 + Level 7.1 Spellcasting
 + Level 9.5 Transmutations
 - Level 6.4 Ice Magic
 + Level 8.1 Earth Magic
 - Level 6.0 Poison Magic


You had 10 spell levels left.
You knew the following spells:

 Your Spells              Type           Power      Damage    Failure   Level
a - Beastly Appendage     Tmut           90%        N/A       2%          1
b - Spider Form           Tmut/Pois      38%        N/A       5%          3
c - Ice Form              Ice/Tmut       39%        N/A       12%         4
d - Wereblood             Tmut           45%        N/A       2%          2
e - Lee's Rapid Deconstr  Erth           19%        3d12*     22%         5

Your spell library contained the following spells:

 Spells                   Type           Power      Damage    Failure   Level
 Freeze                   Ice            100%       1d11      4%          1
 Frozen Ramparts          Ice            64%        1d8       8%          3
 Magic Dart               Conj           28%        1d4       24%         1
 Scorch                   Fire           14%        2d6       32%         2
 Searing Ray              Conj           14%        2d5       32%         2
 Static Discharge         Conj/Air       7%         N/A       32%         2
 Sublimation of Blood     Necr           7%         N/A       32%         2
 Hailstorm                Conj/Ice       20%        3d6       45%         4
 Summon Ice Beast         Ice/Summ       20%        N/A       45%         4
 Confusing Touch          Hex            7%         N/A       50%         3
 Dazzling Flash           Conj/Hex       14%        N/A       50%         3
 Portal Projectile        Hex/Tloc       14%        N/A       50%         3
 Summon Guardian Golem    Hex/Summ       7%         N/A       50%         3
 Cause Fear               Hex            3%         N/A       85%         4
 Dispel Undead            Necr           7%         3d8       85%         4
 Fulminant Prism          Conj/Hex       3%         3d6       85%         4
 Iskenderun's Mystic Bla  Conj/Tloc      7%         2d4       85%         4
 Sticky Flame             Conj/Fire      7%         2d3       85%         4
 Starburst                Conj/Fire      3%         6d3       100%        6
 Orb of Destruction       Conj           3%         9d1       100%        7
 Spellforged Servitor     Conj/Summ      3%         N/A       100%        7
 Summon Hydra             Summ           3%         N/A       100%        7


Dungeon Overview and Level Annotations

Branches:
Dungeon (10/15)            Temple (1/1) D:6            Lair (3/6) D:10
 Spider (0/4) Lair:2          Orc (0/2) D:9         Gauntlet (1/1)
  Swamp: Lair:2-4    Shoals: Lair:2-4

Altars:
Ashenzari
Cheibriados
Dithmenos
Elyvilon
Fedhas
Gozag
Hepliaklqana
Kikubaaqudgha
Makhleb
Nemelex Xobeh
Okawaru
Qazlal
Ru
Sif Muna
Trog
Uskayaw
Vehumet
Wu Jian
Xom
Yredelemnul
Zin
The Shining One

Shops:
D:1 ==[[   D:5 !

Annotations:
D:10 Grum Gauntlet 17 transporters


Innate Abilities, Weirdness & Mutations

You are a venomous arachnid creature.
You have poisonous fangs.
You are tiny and dextrous.
Your spellcasting is less reliable in this form.
Your armour is entirely melded.
You are incapable of wielding weapons or throwing items.
((Your dull iron-grey scales are very hard. (AC +13)))
((You are amphibious.))
You cannot fit into any form of body armour.
((You are cold-blooded and may be slowed by cold attacks.))


Message History

You feel better. The fire bat barely misses you.
The fire crab breathes flames at you.
The blast of flame engulfs you but does no damage.
Unknown command.
Casting: Ice Form (mildly dangerous; 3% risk of failure)
Confirm with . or Enter, or press ? or * to list all spells.
Okay, then.
You barely miss the fire bat.
You are engulfed in blazing flames.
The fire bat bites you.
You are engulfed in flames!
The fire burns you terribly!
The fire bat bites you but does no damage.
The fire crab bites you but does no damage.
The fire crab barely misses you.
Casting: Ice Form (mildly dangerous; 3% risk of failure)
Confirm with . or Enter, or press ? or * to list all spells.
You warm up again.
Your +0 hunting sling unmelds from your body.
Your +2 hat unmelds from your body.
Your +1 pair of gloves unmelds from your body.
Your +0 pair of boots unmelds from your body.
You turn into a venomous arachnid creature.
Your +0 hunting sling melds into your body.
Your +2 hat melds into your body.
Your +1 pair of gloves melds into your body.
Your +0 pair of boots melds into your body.
You are engulfed in blazing flames.
* * * LOW HITPOINT WARNING * * *
The fire bat bites you.
* * * LOW HITPOINT WARNING * * *
You are engulfed in flames!
* * * LOW HITPOINT WARNING * * *
The fire crab breathes flames at you. The blast of flame misses you.
You feel much better.
You are engulfed in blazing flames.
* * * LOW HITPOINT WARNING * * *
The fire bat completely misses you. The fire crab completely misses you.
The fire crab claws you.
* * * LOW HITPOINT WARNING * * *
You are engulfed in flames!
You die...

################§∩.##############
.................................
.................©...............
###########.###########.#########
##Z.B.....#.#.........#.#zz.#.#..
#B######..#.#.#...°.#.#.#z.#...#.
###....##.#.#.##.b°##.#.#z##...##
##.####.#B#.#.°##t##..#.##..#.##.
#.##.©.##Z#.#.°°sb°°..#.#....©.#.
#.#.####.##.#.°#####..#.##..#.##.
#.##....###.#.##...##.#.#.##...##
#..######(#.#.#.....#.#.#..#...#.
#.......?.#.#...?©.?..#.#...# #..
#################################
#§§8≈§#©.........©.........©#≈≈8§
#################################
...........©#≈§≈≈8§§≈≈#©.........


You could see a fire crab, a spectral death yak, a death scarab and 2 fire bats.

Vanquished Creatures
  Gastronok (D:8)
  Josephine (D:10)
  A black mamba (Lair:2)
  3 cane toads
  Maggie (D:9)
  2 rime drakes
  4 komodo dragons
  An unseen horror (D:10)
  A troll (D:10)
  13 blink frogs
  16 yaks
  3 wraiths (D:10)
  2 basilisks (Lair:1)
  2 fire bats (Gauntlet)
  4 wyverns
  3 steam dragons
  An acid dragon (D:10)
  16 water moccasins
  6 black bears
  5 orc warriors
  A sky beast (D:7)
  2 ice beasts
  3 ogres
  3 necrophages
  9 wolves
  10 centaurs
  A phantom (D:5)
  3 kobold brigands
  7 bullfrogs
  A wyvern zombie (D:6)
  3 scorpions
  3 killer bees
  2 electric eels (D:10)
  13 wights
  2 howler monkeys (D:5)
  5 crimson imps (D:10)
  A bullfrog zombie (D:5)
  2 centaur zombies (D:10)
  9 hounds
  A gnoll shaman (D:9)
  3 centaur skeletons (D:5)
  5 orc priests
  10 orc wizards
  3 iguanas
  Terence (D:3)
  3 killer bee zombies
  A hound zombie (D:5)
  2 howler monkey zombies
  11 gnolls
  5 adders
  A shadow imp (D:5)
  5 white imps
  An ufetubus (D:5)
  4 dart slugs
  34 orcs
  4 endoplasms
  2 giant cockroaches
  8 hobgoblins
  6 jackals
  2 quokkas
  6 ball pythons
  2 bats (D:2)
  3 frilled lizards
  2 goblins (D:3)
  15 kobolds
  3 rats
309 creatures vanquished.

Vanquished Creatures (others)
  13 fungi
  10 plants
  14 withered plants (Gauntlet)
37 creatures vanquished.

Grand Total: 346 creatures vanquished

Notes
Turn   | Place    | Note
-------+----------+-------------------------------------------
     0 | D:1      | fragbeetle the Draconian Transmuter began the quest for the
                  | Orb.
     0 | D:1      | Reached XP level 1. HP: 16/16 MP: 3/3
   165 | D:1      | Found Qaumuyd's Antique Armour Shop.
   288 | D:1      | Reached XP level 2. HP: 19/23 MP: 3/5
   397 | D:1      | Found Hafu's Jewellery Emporium.
   464 | D:1      | Found Fufigeth's Jewellery Boutique.
   834 | D:1      | Found Poosop's Armour Boutique.
  1289 | D:2      | Reached XP level 3. HP: 28/28 MP: 6/6
  1409 | D:2      | Found a faded altar of an unknown god.
  1514 | D:2      | Learned a level 3 spell: Spider Form
  2093 | D:3      | Reached XP level 4. HP: 35/35 MP: 5/7
  2167 | D:3      | Found a glowing silver altar of Zin.
  2306 | D:3      | Noticed Terence
  2316 | D:3      | Killed Terence
  2317 | D:3      | Reached skill level 1 in Poison Magic
  3127 | D:4      | Reached XP level 5. HP: 37/40 MP: 4/8
  3134 | D:4      | Learned a level 4 spell: Ice Form
  3372 | D:4      | Noticed a wyvern
  3382 | D:4      | Killed a wyvern
  3383 | D:4      | Reached skill level 1 in Ice Magic
  3383 | D:4      | Reached XP level 6. HP: 4/47 MP: 6/9
  4034 | D:4      | Reached skill level 5 in Unarmed Combat
  4179 | D:4      | Your scales start taking on a dull iron-grey colour.
  4179 | D:4      | Reached XP level 7. HP: 47/52 MP: 7/10
  4314 | D:5      | Entered Level 5 of the Dungeon
  4430 | D:5      | Reached skill level 5 in Transmutations
  4567 | D:5      | Reached XP level 8. HP: 58/62 MP: 9/11
  4578 | D:5      | Found Xueleo's Distillery.
  4620 | D:5      | Bought a potion of curing for 33 gold pieces
  4620 | D:5      | Bought a potion of heal wounds for 55 gold pieces
  4620 | D:5      | Bought a potion of degeneration for 11 gold pieces
  4668 | D:5      | Got the Handbook of the End
  4860 | D:5      | Reached skill level 5 in Poison Magic
  4999 | D:5      | Learned a level 2 spell: Wereblood
  5353 | D:6      | Reached XP level 9. HP: 33/71 MP: 11/13
  5540 | D:6      | Reached skill level 5 in Ice Magic
  5711 | D:6      | Found a staircase to the Ecumenical Temple.
  5722 | Temple   | Entered the Ecumenical Temple
  6015 | Temple   | Became a worshipper of Makhleb the Destroyer
  6528 | D:7      | Learned a level 5 spell: Lee's Rapid Deconstruction
  6764 | D:7      | Reached skill level 1 in Earth Magic
  6821 | D:7      | Reached * piety under Makhleb
  7579 | D:8      | Reached XP level 10. HP: 72/77 MP: 16/16
  7680 | D:8      | Identified the +2 helmet "Quag" {rC+}
  7712 | D:8      | Noticed Gastronok
  8209 | D:9      | Reached ** piety under Makhleb
  8223 | D:9      | Found a bloodstained altar of Trog.
  8409 | D:9      | Noticed a centaur warrior
  8616 | D:9      | Noticed Maggie
  8628 | D:9      | Killed Maggie
  8632 | D:9      | Found a staircase to the Orcish Mines.
  8686 | D:9      | Noticed a two-headed ogre
  8859 | D:9      | Noticed a skeletal warrior
  8859 | D:9      | Noticed a boulder beetle
  8912 | D:9      | Reached skill level 5 in Spellcasting
  9049 | D:10     | Entered Level 10 of the Dungeon
  9165 | D:10     | Reached *** piety under Makhleb
  9222 | D:10     | Found a staircase to the Lair.
  9233 | D:10     | Noticed Grum
  9338 | D:10     | Reached skill level 5 in Dodging
  9425 | D:10     | Reached skill level 5 in Earth Magic
  9462 | D:10     | Noticed Josephine
  9471 | D:10     | Killed Josephine
  9472 | D:10     | Reached skill level 5 in Fighting
  9472 | D:10     | Reached XP level 11. HP: 86/86 MP: 17/19
 10225 | D:5      | Bought a potion of might for 44 gold pieces
 10225 | D:5      | Bought a potion of flight for 33 gold pieces
 10225 | D:5      | Bought a potion of heal wounds for 55 gold pieces
 10225 | D:5      | Bought a potion of heal wounds for 55 gold pieces
 10389 | D:8      | Killed Gastronok
 10574 | Lair:1   | Entered Level 1 of the Lair of Beasts
 11290 | Lair:2   | Reached **** piety under Makhleb
 11560 | Lair:2   | Reached XP level 12. HP: 29/97 MP: 21/21
 11932 | Lair:2   | Found a hole to the Spider Nest.
 12422 | Lair:3   | Found a gate leading to a gauntlet.
 12439 | Gauntlet | Entered a Gauntlet
 12439 | Gauntlet | Found a transporter.
 12444 | Gauntlet | Noticed a death scarab
 12448 | Gauntlet | Found a transporter.
 12463 | Gauntlet | Found a transporter.
 12470 | Gauntlet | Found a transporter.
 12485 | Gauntlet | Found a transporter.
 12504 | Gauntlet | Found a transporter.
 12516 | Gauntlet | Found a transporter.
 12521 | Gauntlet | Noticed a great orb of eyes
 12528 | Gauntlet | Found a transporter.
 12539 | Gauntlet | Noticed a great orb of eyes
 12540 | Gauntlet | Found a transporter.
 12552 | Gauntlet | Found a transporter.
 12570 | Gauntlet | Found a transporter.
 12591 | Gauntlet | Found a transporter.
 12593 | Gauntlet | Found a transporter.
 12622 | Gauntlet | Found a transporter.
 12624 | Gauntlet | Found a transporter.
 12626 | Gauntlet | Found a transporter.
 12652 | Gauntlet | Found a transporter.
 12654 | Gauntlet | Found a transporter.
 12679 | Gauntlet | Reached ***** piety under Makhleb
 12685 | Gauntlet | Slain by a fire crab

Illustrated notes

Levels and vault maps discovered:
D:1:      scummos_arrival_gate, layout_loops_corners, serial_shops,
          nicolae_shop_hallway_plus, shop, shop, shop
D:2:      layout_rooms, shapermc_ecumenical_altar_gd
D:3:      layout_basic, overflow_temple_1_default, guppyfry_early_orc_mine,
          uniq_terence
D:4:      black_bear_nest_1, layout_loops_cross
D:5:      minmay_inner_zag, layout_cave_pools, chequers_garden,
          kennysheep_windowed_goal
D:6:      layout_rooms, minmay_temple_entry_poolview
D:7:      layout_cave_pods
D:8:      layout_rooms, uniq_gastronok
D:9:      minmay_the_grid_plus_closed [minmay_the_grid_spikes,
          minmay_the_grid_medium_cups, minmay_the_grid_outer_circle,
          minmay_the_grid_paths, minmay_the_grid_prize_four_corners],
          layout_basic, trog_ov_bears_minmay, orc_0_dummy, uniq_maggie
D:10:     layout_basic, erik_lair_island, minmay_nine_imps, uniq_josephine,
          uniq_grum
Temple:   mainiacjoe_temple_cubbyholes
Lair:1:   layout_regular_city, chequers_serial_rivers_small_3
Lair:2:   layout_concentric_octagons, nicolae_spider_entry_orb_guardian
Lair:3:   layout_chaotic_city, gauntlet_entry_generic, lemuel_fruit_tree,
          lemuel_fruit_fields, infiniplex_staircase_pool_2
Gauntlet: gammafunk_gauntlet_one_two_three [gammafunk_gauntlet_arena_split_x,
          gammafunk_gauntlet_arena_spirals, gammafunk_gauntlet_arena_chambers,
          gammafunk_gauntlet_arena_open, nicolae_gauntlet_arena_quarters,
          nicolae_gauntlet_arena_x, gammafunk_gauntlet_arena_split_diamond,
          nicolae_gauntlet_arena_flowing_pool,
          gammafunk_gauntlet_arena_arrow_garden, gauntlet_exit_watery]

Skill      XL: |  1  2  3  4  5  6  7  8  9 10 11 12 |
---------------+-------------------------------------+-----
Transmutations | 3 4 5 6 7 8 9 |  9.5
Unarmed Combat | 4 5 6 7 8 9 |  9.2
Poison Magic   | 1 2 3 4 5 6 |  6.0
Ice Magic      | 1 2 3 4 5 6 |  6.4
Fighting       | 2 4 5 6 7 |  7.4
Dodging        | 2 3 5 6 7 |  7.1
Spellcasting   | 4 5 6 7 |  7.1
Earth Magic    | 2 5 7 8 |  8.1

Action                   |  1- 3 |  4- 6 |  7- 9 | 10-12 || total
-------------------------+-------+-------+-------+-------++-------
Melee: Unarmed           |   125 |    66 |   325 |   539 ||  1055
       Kick              |    23 |     2 |    15 |       ||    40
       Tailslap          |    10 |     2 |     7 |     3 ||    22
       Headbutt          |    11 |     3 |    10 |       ||    24
       Punch             |       |       |     2 |     2 ||     4
       Hunting sling     |       |       |       |     1 ||     1
 Fire: Hunting sling     |     3 |     7 |     2 |    21 ||    33
 Cast: Beastly Appendage |    29 |    10 |     6 |     3 ||    48
       Spider Form       |       |    10 |    20 |     3 ||    33
       Ice Form          |       |       |    17 |    51 ||    68
       Wereblood         |       |       |       |     2 ||     2
       Lee's Rapid Decon |       |       |       |     1 ||     1
Evoke: Wand              |       |       |       |    13 ||    13
  Use: Scroll            |       |       |     4 |     8 ||    12
       Potion            |       |       |       |     4 ||     4
 Stab: Sleeping          |       |       |     1 |     1 ||     2
Armor: Skin              |    31 |     7 |    77 |   159 ||   274
Dodge: Dodged            |    69 |    58 |   281 |   297 ||   705

Table legend: (Time is in decaauts)
 A = Elapsed time spent in this place.
 B = Non-inter-level travel time spent in this place.
 C = Inter-level travel time spent in this place.
 D = Time resting spent in this place.
 E = Time spent auto-exploring this place.
 F = Levels seen in this place.
 G = Mean time per level.
                   A        B        C        D        E       F      G
               +--------+--------+--------+--------+--------+-----+--------+
         Total |  12589 |  11983 |    606 |   1655 |   3099 |  15 |  839.3 |
       Dungeon |   9944 |   9447 |    497 |   1350 |   2622 |  10 |  994.4 |
        Temple |    573 |    517 |     56 |    200 |    300 |   1 |  573.0 |
          Lair |   1826 |   1774 |     52 |    105 |    140 |   3 |  608.7 |
      Gauntlet |    244 |    244 |      0 |      0 |     37 |   1 |  244.0 |
               +--------+--------+--------+--------+--------+-----+--------+

Top non-repeatable levels by time:
     D:4: 1409 daAuts
     D:7: 1234 daAuts
     D:1: 1203 daAuts
     D:3: 1128 daAuts
    D:10: 1119 daAuts
     D:5: 972 daAuts
  Lair:2: 898 daAuts
     D:8: 871 daAuts
     D:9: 808 daAuts
     D:6: 638 daAuts
  Lair:1: 617 daAuts
  Temple: 573 daAuts
     D:2: 557 daAuts
  Lair:3: 310 daAuts
Gauntlet: 244 daAuts
